 Dungeon Crawl Stone Soup version 0.20.1-1-g8b1a95d (webtiles) character file.

177 GenChuck the Shield-Bearer (level 5, -6/47 HPs)
             Began as a Minotaur Fighter on Nov 4, 2017.
             Was an Initiate of Dithmenos.
             Killed from afar by Ijyb (25 damage)
             ... with a wand of lightning (?/15)
             ... on level 4 of the Dungeon.
             The game lasted 00:20:52 (3179 turns).

GenChuck the Shield-Bearer (Minotaur Fighter)       Turns: 3179, Time: 00:21:01

Health: -6/47      AC: 10    Str: 19 (21) XL:     5   Next: 31%
Magic:  4/4        EV:  5    Int:  4 (5)  God:    Dithmenos [......]
Gold:   136        SH:  9    Dex:  9 (10) Spells: 4/4 levels left

rFire    . . .     SeeInvis .   a - +0 flail
rCold    . . .     Gourm    .   c - +0 shield
rNeg     . . .     Faith    .   n - +0 chain mail
rPois    .         Spirit   .   (helmet restricted)
rElec    .         Reflect  .   (no cloak)
rCorr    .         Harm     .   (no gloves)
MR       .....                  o - -2 pair of boots (curse)
Stlth    ..........             (no amulet)
Regen    0.2/turn               (no ring)
MPRegen  0.1/turn               (no ring)

@: no status effects
A: retaliatory headbutt, horns 2, thin metallic scales 1, screaming 1,
MP-powered wands
a: Renounce Religion


You were on level 4 of the Dungeon.
You worshipped Dithmenos.
Dithmenos was noncommittal.
You were not hungry.

You visited 1 branch of the dungeon, and saw 4 of its levels.

You collected 136 gold pieces.

Inventory:

Hand Weapons
 a - a +0 flail (weapon)
 k - a +0 dagger of freezing
Armour
 b - a +0 scale mail
 c - a +0 shield (worn)
 n - a +0 chain mail (worn)
 o - a cursed -2 pair of boots (worn)
Wands
 g - a wand of iceblast (6/15)
Scrolls
 e - 2 scrolls of identify
 l - 4 scrolls of magic mapping
 m - a scroll of teleportation
 p - a scroll of fog
Potions
 d - 3 potions of might
Comestibles
 f - 3 bread rations
 h - 2 meat rations
 i - 3 fruits
 j - 4 chunks of flesh


   Skills:
 + Level 4.6 Fighting
 + Level 0.2 Short Blades
 * Level 4.2 Maces & Flails
 + Level 4.1 Armour
 + Level 0.3 Stealth
 * Level 5.2 Shields


You had 4 spell levels left.
You didn't know any spells.

Dungeon Overview and Level Annotations

Branches:
Dungeon (4/15)
 Temple: D:4-7

Altars:
Dithmenos
Ru
Zin

Annotations:
D:4 Ijyb


Innate Abilities, Weirdness & Mutations

You reflexively headbutt those who attack you in melee.
You have a pair of horns on your head.
You are partially covered in thin metallic scales. (AC +2)
You occasionally shout uncontrollably at your foes.
You expend magic power (3 MP) to strengthen your wands.


Message History

The leopard gecko barely misses you. You furiously retaliate!
You headbutt the leopard gecko.
You kill the leopard gecko!
Dithmenos accepts your kill.
Items here: )) [[ a trident; a chain mail; a dagger; a robe There isn't anything to butcher here.
You start resting.
HP restored.
Things that are here:
an uncursed blowgun; 7 poisoned needles
There is a stone staircase leading down here.
You climb downwards.
A gnoll and Ijyb come into view.
Ijyb is wielding a dagger of venom.
The gnoll shouts!
Ijyb zaps a wand.
The bolt of lightning hits you!
Ouch! That really hurt!
The bolt of lightning hits you!
Ouch! That really hurt!
You die...

... ..gg.. ...
..... . ....
##.g.## ..
.....#>%... ...
.....#....#....
.............
..........#.#..
.!.....@.......
......g.....#..
.........####
..........
...........
............
..!....###...
....... ###.


You could see Ijyb and 3 gnolls.

Vanquished Creatures
  An orc wizard (D:3)
  7 adders
  An ooze (D:1)
  A worm (D:2)
  3 leopard geckos
  6 orcs (D:3)
  3 ball pythons
  7 bats
  2 giant cockroaches
  4 goblins
  5 hobgoblins
  11 jackals
  8 kobolds
  A quokka (D:2)
  3 frilled lizards
  7 rats
70 creatures vanquished.

Notes
Turn   | Place    | Note
-------+----------+-------------------------------------------
     0 | D:1      | GenChuck the Minotaur Fighter began the quest for the Orb.
     0 | D:1      | Reached XP level 1. HP: 19/19 MP: 0/0
    49 | D:1      | Reached XP level 2. HP: 26/27 MP: 1/1
   167 | D:1      | Reached skill level 4 in Shields
   222 | D:1      | Reached XP level 3. HP: 33/33 MP: 2/2
   846 | D:2      | Found a sacrificial altar of Ru.
  1484 | D:2      | Reached XP level 4. HP: 35/40 MP: 3/3
  2304 | D:2      | Found a shadowy altar of Dithmenos.
  2304 | D:2      | Found a glowing silver altar of Zin.
  2311 | D:2      | Became a worshipper of Dithmenos the Shadowed
  2404 | D:2      | Gained mutation: You occasionally shout uncontrollably at your foes. [potion of mutation]
  2404 | D:2      | Gained mutation: You expend magic power (3 MP) to strengthen your wands. [potion of mutation]
  2404 | D:2      | Gained mutation: You are partially covered in thin metallic scales. (AC +2) [potion of mutation]
  2572 | D:3      | Reached skill level 5 in Shields
  2761 | D:3      | Reached XP level 5. HP: 44/47 MP: 4/4
  3179 | D:4      | Noticed Ijyb
  3179 | D:4      | Killed from afar by Ijyb

Skill      XL: |  1  2  3  4  5 |
---------------+----------------+-----
Shields        | 4 5 |  5.2
Fighting       | 4 |  4.6
Maces & Flails | 3 4 |  4.2
Armour         | 4 |  4.1
Short Blades   | |  0.2
Stealth        | |  0.3

Action                   |  1- 3 |  4- 6 || total
-------------------------+-------+-------++-------
Melee: Flail             |    65 |   112 ||   177
       Headbutt          |    16 |     4 ||    20
       Dagger            |    42 |       ||    42
  Use: Potion            |     2 |     3 ||     5
       Scroll            |     2 |     2 ||     4
  Eat: Chunk             |     2 |     5 ||     7
Armor: Scale mail        |    57 |     1 ||    58
       Chain mail        |       |    65 ||    65
Dodge: Dodged            |    29 |    22 ||    51
Block: Shield            |    51 |    75 ||   126
